Map: Ascension to Aiur LE

Players

JAZ - Winner!

  • Race: Terran Terran
  • League: Platinum
  • Spawn Location: 5:00

badzergling

  • Race: Zerg Zerg
  • League: Platinum
  • Spawn Location: 11:00

VOD

Have the link to the VOD?

Description

Time

  • Played on: Jan. 20, 2018, 1:39 p.m.
  • Length: 11:49
Show
View Real Time Build Order
Export as new Build Order

JAZ Terran - Winner!

Build Orders: Reaper Expand, MMM Bio 

Get SALT Encoding   

  12  0:00  SCV  
  13  0:13  SCV  
  14  0:17  Supply Depot  
  14  0:25  SCV  
  15  0:32  Refinery  
  15  0:38  SCV  
  16  0:44  Barracks  
  16  0:52  SCV  
  17  1:11  SCV  
  18  1:23  SCV  
  19  1:31  Reaper  
  20  1:35  Orbital Command  
  20  1:44  Command Center  
  20  1:56  Factory  
  20  2:01  SCV  
  21  2:09  Supply Depot  
  21  2:10  Barracks Reactor  
  21  2:14  SCV  
  22  2:26  SCV  
  23  2:34  Barracks  
  23  2:52  SCV  
  23  2:54  Hellion x2, Refinery, Barracks Reactor  
  23  2:57  SCV  
  29  3:00  Engineering Bay  
  29  3:15  Hellion x2  
  29  3:16  SCV  
  34  3:26  Barracks Tech Lab  
  34  3:28  Starport  
  34  3:31  Marine x2  
  36  3:36  Orbital Command  
  36  3:43  Terran Infantry Weapons Level 1  
  36  3:47  SCV  
  37  3:57  Supply Depot  
  37  4:19  Marine x2  
  37  4:20  Stimpack, Starport Reactor  
  39  4:26  SCV, Widow Mine x2  
  39  4:27  SCV  
  45  4:38  SCV  
  45  4:39  SCV  
  45  4:40  Supply Depot  
  45  4:44  Refinery  
  33  5:36  Marine x3  
  33  5:37  Hellion x2  
  33  5:38  Medivac x2  
  33  5:40  Terran Infantry Armor Level 1  
  41  5:45  Command Center  
  41  5:47  SCV x2  
  43  5:50  Supply Depot  
  43  5:53  Marine  
  43  5:54  Marine x2  
  46  5:59  SCV x2  
  48  6:05  Armory  
  48  6:09  Hellion x2  
  52  6:11  SCV, Marine x3  
  52  6:16  SCV  
  57  6:29  Marine x2  
  57  6:31  Widow Mine x2  
  63  6:34  Marine, Combat Shields  
  63  6:35  Liberator  
  63  6:38  SCV x2  
  66  6:40  Liberator  
  66  6:47  Marine  
  70  6:57  Marine x2  
  75  7:05  Marine  
  76  7:11  SCV x3  
  81  7:16  Widow Mine x2  
  81  7:19  Engineering Bay  
  83  7:23  SCV x2  
  83  7:24  Barracks  
  85  7:51  Hellion x2  
  85  7:52  Hellion x2  
  85  7:56  Terran Vehicle Weapons Level 1  
  85  8:09  Factory Tech Lab  
  85  8:29  SCV x2, Marine  
  85  8:30  Marine x2  
  85  8:33  Siege Tank, Barracks Reactor  
  93  8:37  Factory  
  93  8:42  Command Center  
  93  8:47  Refinery  
  93  8:48  Missile Turret  
  93  8:50  Terran Infantry Weapons Level 2  
  93  8:55  Supply Depot  
  93  8:59  Liberator x2  
  93  9:16  Marine x2  
  101  9:17  SCV, Marauder  
  94  9:33  Marine x2  
  94  9:34  Marine x2  
  94  9:38  Marine  
  99  9:51  Marine x2  
  101  9:54  Marine  
  96  10:01  Marine x2  
  96  10:04  Factory Tech Lab  
  96  10:05  Siege Tank  
  101  10:09  Marine x2  
  103  10:15  Medivac x2  
  103  10:16  SCV x2  
  103  10:19  Planetary Fortress, Marauder  
  111  10:42  Marine x5  
  101  10:59  Marine x2  
  101  11:00  Marine x3  
  104  11:17  Marine x2  
  103  11:31  SCV x2  
  103  11:32  SCV  
Show
View Real Time Build Order
Export as new Build Order

badzergling Zerg 

Build Orders: Hatch First 

Get SALT Encoding   

  12  0:02  Drone  
  13  0:12  Drone  
  14  0:16  Overlord  
  14  0:35  Drone x3  
  17  0:54  Hatchery  
  17  0:56  Drone  
  17  1:00  Drone  
  18  1:10  Extractor  
  17  1:16  Spawning Pool  
  16  1:19  Drone  
  16  1:22  Drone  
  18  1:28  Drone  
  19  1:39  Overlord  
  19  1:53  Drone  
  20  2:03  Queen  
  20  2:04  Zergling x2  
  20  2:06  Queen  
  20  2:07  Zergling x2  
  26  2:12  Drone  
  26  2:13  Metabolic Boost  
  27  2:18  Drone  
  28  2:30  Drone  
  28  2:31  Drone  
  30  2:54  Drone  
  30  2:55  Drone x4  
  35  3:06  Baneling Nest  
  33  3:18  Zergling x4  
  34  3:32  Hatchery  
  35  3:36  Overlord x2  
  35  3:37  Queen  
  35  3:38  Lair  
  35  3:47  Overlord  
  33  4:20  Drone  
  33  4:21  Drone x7  
  41  4:38  Drone  
  41  4:39  Drone x2  
  41  4:42  Hydralisk Den, Overseer  
  43  4:49  Zergling x6  
  46  5:02  Queen x2  
  46  5:03  Queen, Zergling x2  
  46  5:04  Zergling x4  
  53  5:13  Drone, Zergling x2  
  53  5:14  Drone  
  50  5:39  Queen  
  52  5:44  Extractor  
  52  5:45  Hydralisk  
  52  5:46  Hydralisk x2, Infestation Pit  
  56  5:54  Extractor  
  56  5:56  Drone  
  57  5:57  Extractor, Drone x2  
  57  5:59  Overlord x6  
  57  6:10  Overlord x3  
  57  6:16  Queen x2  
  61  6:27  Drone  
  61  6:28  Drone x7  
  69  6:43  Drone x5  
  69  6:44  Drone x4  
  78  6:47  Hive  
  78  6:48  Muscular Augments  
  78  6:56  Evolution Chamber, Centrifical Hooks  
  78  6:57  Zergling x2  
  78  6:58  Evolution Chamber, Zergling x8  
  81  7:02  Queen  
  83  7:30  Baneling x8  
  83  7:31  Zergling x2, Baneling x5  
  83  7:32  Zergling x22  
  95  7:52  Zerg Melee Weapons Level 1, Zerg Ground Armor Level 1  
  95  8:28  Drone x3  
  95  8:29  Extractor, Drone x2  
  95  8:30  Drone x3  
  95  8:31  Drone  
  95  8:32  Extractor  
  102  8:36  Hydralisk Den  
  102  8:38  Adrenal Glands  
  102  8:40  Pathogen Glands, Hatchery  
  100  8:41  Queen, Burrow  
  100  8:42  Queen  
  100  8:47  Zergling x8  
  100  8:48  Zergling x10  
  113  8:49  Overlord  
  113  8:50  Overlord x5  
  113  9:07  Spore Crawler  
  96  9:53  Ultralisk Cavern  
  96  9:56  Lurker Den  
  94  10:01  Drone  
  94  10:02  Drone x19  
  114  10:16  Drone x2  
  114  10:17  Drone x5  
  114  10:19  Queen x3  
  129  10:21  Overseer  
  129  10:25  Overseer x4  
  129  10:27  Overseer  
  100  10:52  Hydralisk  
  100  10:53  Hydralisk x8  
  115  10:58  Hatchery  
  114  11:04  Zergling x2  
  114  11:05  Zergling x6  
Tags
 
Add a new tag
Caveats
  • Supply blocks, unpowered buildings, or Contaminate may cause inaccurate times.
  • Supply counts are checked every 10 seconds.